 Dungeon Crawl Stone Soup version 0.23-a0-393-g6e9e0f2 (webtiles) character file.

344 Amnesiac the Chopper (level 6, 0/55 HPs)
             Began as a Hill Orc Monk on Nov 1, 2018.
             Succumbed to a scorpion's poison
             ... on level 5 of the Dungeon.
             The game lasted 00:04:17 (1121 turns).

Amnesiac the Chopper (Hill Orc Monk)                Turns: 1121, Time: 00:04:18

Health: 0/55       AC:  5    Str: 16    XL:     6   Next: 58%
Magic:  6/6        EV: 11    Int: 10    God:
Gold:   70         SH:  5    Dex: 13    Spells: 5/5 levels left

rFire    . . .     SeeInvis .   i - +2 war axe (flame)
rCold    . . .     Gourm    .   e - +0 buckler
rNeg     . . .     Faith    .   d - +0 ring mail
rPois    .         Spirit   .   (no helmet)
rElec    .         Reflect  .   (no cloak)
rCorr    .         Harm     .   (no gloves)
MR       .....                  (no boots)
Stlth    +.........             (no amulet)
HPRegen  0.18/turn              (no ring)
MPRegen  0.10/turn              (no ring)

@: lethally poisoned (0 -> -3)
A: no striking features
a: no special abilities


You were on level 5 of the Dungeon.
You were very hungry.

You visited 1 branch of the dungeon, and saw 6 of its levels.

You collected 70 gold pieces.

Inventory:

Hand Weapons
 a - a +0 hand axe
 i - a +2 war axe of flaming (weapon)
Armour
 d - a +0 ring mail (worn)
 e - a +0 buckler (worn)
Wands
 j - a wand of flame (15)
Scrolls
 b - a scroll of remove curse {!r}
Comestibles
 c - a ration


   Skills:
 + Level 4.9 Fighting
 - Level 5.3 Axes
 - Level 3.6 Armour
 - Level 2.5 Dodging
 - Level 1.5 Stealth
 - Level 3.6 Shields


You had 5 spell levels left.
You didn't know any spells.
Your spell library was empty.

Dungeon Overview and Level Annotations

Branches:
Dungeon (6/15)             Temple (0/1) D:5

Altars:
Ashenzari
Hepliaklqana
Trog
Xom

Annotations:
D:3 Robin
D:5 exclusion: ice beast


Message History

The ogre is too close now for your liking.
You start resting.
HP restored.
You see here a ring mail.
A sky beast comes into view.
Found a robe.
Found 17 poisoned needles.
A centaur comes into view.
The centaur shouts!
The centaur wields a +0 shortbow.
The centaur shoots an arrow.
The arrow barely misses you.
The sky beast flickers out of sight!
Deactivating autopickup; reactivate with Ctrl-A.
The centaur shoots an arrow.
The arrow hits you!
You see here an arrow.
The centaur shoots an arrow.
You block the arrow.
You see here an arrow.
The centaur shoots an arrow.
The arrow hits you.
You see here an arrow.
There is a stone staircase leading up here.
You aren't carrying any potions.
Really read
b - 2 scrolls labeled XACWECLYAGG {!r}?
As you read the scroll labeled XACWECLYAGG {!r}, it crumbles to dust.
You feel blessed for a moment.
It was a scroll of remove curse {!r}.
The centaur shoots an arrow.
You block the arrow.
The centaur shoots an arrow.
You block the arrow.
You climb upwards.
Level annotation: exclusion: ice beast Reactivating autopickup.
The scorpion stings you but does no damage.
The ogre hits you with a cursed -3 giant spiked club!
* * * LOW HITPOINT WARNING * * *
The scorpion stings you.
* * * LOW HITPOINT WARNING * * *
There is a stone staircase leading down here.
The scorpion stings you!
* * * LOW HITPOINT WARNING * * *
You are lethally poisoned!
The scorpion poisons you!
* * * LOW HITPOINT WARNING * * *
You feel sick.
* * * LOW HITPOINT WARNING * * *
You feel sick.
* * * LOW HITPOINT WARNING * * *
You feel sick.
* * * LOW HITPOINT WARNING * * *
You feel sick.
You aren't carrying any potions.
Okay, then.
* * * LOW HITPOINT WARNING * * *
You feel sick.
You hit the ogre. You burn the ogre.
The ogre is lightly wounded.
The ogre misses you.
You barely miss the ogre.
The ogre is lightly wounded.
* * * LOW HITPOINT WARNING * * *
You feel sick. The ogre barely misses you.
You slice the ogre!! You burn the ogre.
You kill the ogre!
You are feeling very hungry.
* * * LOW HITPOINT WARNING * * *
You feel sick.
You hit the scorpion but do no damage.
You die...

######### ###...#...##
#........#.# # #...#......# #
# #######..##......### ###.
####.##.....###..#.....
#....#.##.#....<.....####...
...........s@.......#...##..#
..........##.....#......#...#
.............................
......##..#.........###......
.............................
.....###...............(#....
..............>..............
.##...##...............####.
.........................


You could see a scorpion.

Vanquished Creatures
  A centaur (D:5)
  An ogre (D:5)
  2 crimson imps (D:5)
  A worker ant (D:5)
  2 worker ant zombies (D:5)
  2 adders (D:5)
  A dart slug (D:1)
  A leopard gecko (D:1)
  2 orcs (D:3)
  2 ball pythons
  2 giant cockroaches (D:1)
  8 goblins
  9 hobgoblins
  2 jackals (D:1)
  2 kobolds
  A quokka (D:2)
  4 frilled lizards
  3 rats
46 creatures vanquished.

Notes
Turn   | Place    | Note
-------+----------+-------------------------------------------
     0 | D:1      | Amnesiac the Hill Orc Monk began the quest for the Orb.
     0 | D:1      | Reached XP level 1. HP: 19/19 MP: 1/1
   112 | D:1      | Reached XP level 2. HP: 25/27 MP: 2/2
   207 | D:1      | Reached skill level 5 in Axes
   290 | D:2      | Reached XP level 3. HP: 31/33 MP: 3/3
   463 | D:3      | Found a shattered altar of Ashenzari.
   573 | D:3      | Reached skill level 1 in Armour
   573 | D:3      | Reached skill level 1 in Shields
   601 | D:3      | Noticed Robin
   650 | D:5      | Entered Level 5 of the Dungeon
   665 | D:4      | Noticed an ogre
   668 | D:4      | Found a hazy altar of Hepliaklqana.
   682 | D:5      | Reached XP level 4. HP: 35/40 MP: 4/4
   725 | D:5      | Reached XP level 5. HP: 42/46 MP: 5/5
   807 | D:5      | Found a bloodstained altar of Trog.
   827 | D:5      | Noticed an ice beast
   850 | D:5      | Found a shimmering altar of Xom.
   852 | D:5      | Found a shimmering altar of Xom.
   853 | D:5      | Found a shimmering altar of Xom.
   867 | D:5      | Noticed an ogre
   871 | D:5      | Noticed a centaur
   878 | D:5      | Killed a centaur
   878 | D:5      | Reached XP level 6. HP: 42/52 MP: 6/6
   880 | D:5      | Found a staircase to the Ecumenical Temple.
  1099 | D:6      | Noticed a sky beast
  1117 | D:5      | HP: 2/52 [poisoned by a scorpion]
  1121 | D:5      | Succumbed to a scorpion's poison

Vault maps used:
D:1:      sevenhm_arrival_forest_fort_small_5, minmay_tetromino_l2
D:2:      minmay_lizard_king
D:3:      lemuel_doored_altar, chequers_ecumenical_altar_island,
          cheibrodos_ashenzari_chains, uniq_robin
D:4:      kennysheep_little_box, first_ration, serial_shops, shop,
          lemuel_altar_in_water
D:5:      lemuel_round_altar, nemelex_xobeh_ov_fountains_minmay,
          lightli_temple_of_fire, minmay_temple_entry_steel_oval,
          dk_noncrumbling_3, xom_redecorated
D:6:      kennysheep_mini_moat, serial_shops, shop, basic_altar, led_sif_pool

Skill      XL: |  1  2  3  4  5 |
---------------+----------------+-----
Fighting       | 4 |  4.9
Axes           | 5 |  5.3
Armour         | 1 2 3 |  3.6
Shields        | 1 2 3 |  3.6
Dodging        | |  2.5
Stealth        | |  1.5

Action                   |  1- 3 |  4- 6 || total
-------------------------+-------+-------++-------
Melee: Hand axe          |   115 |       ||   115
       War axe           |     3 |    48 ||    51
  Use: Scroll            |       |     4 ||     4
 Stab: Sleeping          |     2 |       ||     2
       Distracted        |     1 |       ||     1
Armor: Ring mail         |    33 |    16 ||    49
       Robe              |     2 |       ||     2
Dodge: Dodged            |    57 |    26 ||    83
Block: Buckler           |    12 |     9 ||    21

Table legend:
 A = Non-vault XP
 B = Vault XP
 C = Vault XP percentage of total XP
 D = Non-vault monster count
 E = Vault monster count
 F = Vault count percentage of total count
                 A         B        C        D         E       F
            +---------+---------+-------+---------+---------+-------
      Total |     479 |      13 |   2.6 |      38 |       8 |  17.4
            +---------+---------+-------+---------+---------+-------
        D:1 |      30 |       3 |   9.1 |      15 |       2 |  11.8
        D:2 |      18 |       1 |   5.3 |      10 |       1 |   9.1
        D:3 |       9 |       9 |  50.0 |       4 |       5 |  55.6
        D:5 |     422 |       0 |   0.0 |       9 |       0 |   0.0
            +---------+---------+-------+---------+---------+-------
